Map: Orbital Shipyard

Players

LilDicky - Winner!

  • Race: Terran Terran
  • League: Diamond

Dally

  • Race: Protoss Protoss
  • League: Diamond

VOD

http://www.twitch.tv/tumescentpie

Description

Time

  • Played on: Dec. 26, 2015, 4:15 p.m.
  • Length: 6:08
Show
View Real Time Build Order
Export as new Build Order

LilDicky Terran - Winner!

Build Orders: MMM Bio 

Get SALT Encoding   

  12  0:01  SCV  
  13  0:13  SCV  
  14  0:21  Supply Depot  
  14  0:25  SCV  
  15  0:43  SCV  
  15  0:45  Refinery  
  15  0:48  Barracks  
  16  0:55  SCV  
  17  1:07  SCV  
  18  1:19  SCV  
  18  1:43  Marine  
  18  1:44  Orbital Command  
  19  1:50  Factory  
  19  2:01  Supply Depot, Marine  
  20  2:11  SCV  
  20  2:14  Barracks  
  21  2:17  Barracks  
  21  2:23  SCV  
  21  2:26  Barracks Reactor  
  22  2:32  Refinery  
  22  2:40  SCV  
  23  2:51  Supply Depot  
  23  2:52  SCV  
  23  2:56  Widow Mine  
  26  3:03  Barracks Tech Lab x2  
  26  3:04  SCV, Marine x2  
  29  3:16  SCV  
  30  3:24  Widow Mine  
  30  3:25  Stimpack  
  31  3:27  Marine x3  
  31  3:29  SCV  
  35  3:35  Combat Shields  
  35  3:36  Marine  
  35  3:41  SCV  
  37  3:46  Supply Depot  
  37  3:50  Marine x2  
  39  4:07  Marine  
  39  4:08  Marauder  
  43  4:10  SCV  
  43  4:11  Starport  
  43  4:18  Marine x2  
  43  4:22  SCV  
  44  4:33  Marauder  
  44  4:34  SCV  
  49  4:38  Marauder  
  49  4:40  Supply Depot  
  49  4:41  Marine  
  49  4:44  Marine  
  51  4:46  SCV  
  51  4:51  Medivac  
  52  4:54  Marine  
  52  4:58  SCV  
  54  5:06  Marine x2  
  54  5:07  Marauder  
  58  5:10  SCV  
  59  5:15  Supply Depot  
  59  5:27  Medivac  
  61  5:29  Supply Depot, Marine  
  61  5:30  Marine  
  63  5:39  Hellion, Marine  
  63  5:40  Marine  
Show
View Real Time Build Order
Export as new Build Order

Dally Protoss 

Build Orders: 1 Gate Expand 

Get SALT Encoding   

  12  0:02  Probe (Chrono Boost)  
  13  0:13  Probe (Chrono Boost)  
  14  0:20  Pylon  
  14  0:23  Probe (Chrono Boost)  
  15  0:38  Probe (Chrono Boost)  
  15  0:39  Gateway  
  16  0:48  Probe (Chrono Boost)  
  17  1:09  Nexus  
  17  1:14  Probe (Chrono Boost)  
  17  1:18  Assimilator  
  18  1:30  Cybernetics Core  
  18  1:31  Probe (Chrono Boost)  
  19  1:42  Probe (Chrono Boost)  
  20  1:50  Assimilator  
  20  1:52  Probe (Chrono Boost)  
  21  1:59  Pylon  
  21  2:03  Probe (Chrono Boost)  
  22  2:10  Warp Gate  
  23  2:15  Probe (Chrono Boost)  
  23  2:18  Adept  
  26  2:22  Probe (Chrono Boost)  
  26  2:26  Probe (Chrono Boost)  
  27  2:33  Probe (Chrono Boost)  
  30  2:37  Mothership Core (Chrono Boost)  
  30  2:44  Probe (Chrono Boost)  
  31  2:45  Pylon  
  31  2:50  Stalker  
  33  2:54  Probe (Chrono Boost)  
  33  2:55  Probe (Chrono Boost)  
  35  3:05  Probe (Chrono Boost)  
  36  3:06  Probe (Chrono Boost)  
  36  3:10  Robotics Facility  
  37  3:15  Probe (Chrono Boost)  
  37  3:16  Probe (Chrono Boost)  
  39  3:24  Stalker  
  39  3:26  Probe (Chrono Boost)  
  41  3:52  Pylon  
  41  4:00  Observer (Chrono Boost)  
  40  4:14  Stalker  
  40  4:17  Gateway  
  42  4:18  Gateway  
  42  4:20  Gateway  
  39  4:32  Observer (Chrono Boost)  
  39  4:37  Probe  
  40  4:39  Probe  
  40  4:43  Adept  
  44  4:48  Probe  
  44  4:51  Probe  
  46  4:58  Probe  
  46  5:03  Probe, Assimilator  
  48  5:09  Probe  
  48  5:10  Assimilator  
  48  5:11  Forge  
  49  5:15  Probe  
  49  5:16  Stalker x2  
  49  5:19  Probe  
  54  5:24  Pylon  
  55  5:29  Adept  
  55  5:30  Adept  
  59  5:46  Robotics Facility  
  59  5:47  Photon Cannon  
  55  5:53  Stalker x2  
  55  5:56  Adept x3  
Tags
 
Add a new tag
Caveats
  • Supply blocks, unpowered buildings, or Contaminate may cause inaccurate times.
  • Supply counts are checked every 10 seconds.